 Dungeon Crawl Stone Soup version 0.29-a0-25-g7f48f510a0 (webtiles) character file.

Game seed: 1278401006631716277

219 lunkers the Chopper (level 5, -3/48 HPs)
             Began as a Minotaur Chaos Knight on Jan 31, 2022.
             Was a Plaything of Xom.
             Slain by a gnoll (7 damage)
             ... on level 4 of the Dungeon.
             The game lasted 00:04:43 (3821 turns).

lunkers the Chopper (Minotaur Chaos Knight)         Turns: 3821, Time: 00:04:43

Health: -3/48      AC:  5    Str: 19    XL:     5   Next: 64%
Magic:  4/4        EV: 11    Int:  9    God:    Xom [..*...]
Gold:   171        SH:  0    Dex:  9    Spells: 4/4 levels left

rFire   . . .      SeeInvis .   b - +0 battleaxe
rCold   . . .      Faith    .   (shield currently unavailable)
rNeg    . . .      Spirit   .   f - +2 leather armour
rPois   .          Reflect  .   (helmet restricted)
rElec   .          Harm     .   (no cloak)
rCorr   .          Rampage  .   (no gloves)
Will    .....                   (no boots)
Stlth   +.........              (no amulet)
HPRegen 0.16/turn               (no ring)
MPRegen 0.09/turn               (no ring)

@: no status effects
A: horns 2, retaliatory headbutt
a: Renounce Religion


You were on level 4 of the Dungeon.
You worshipped Xom.
You were a toy of Xom.
You visited 1 branch of the dungeon, and saw 4 of its levels.

You collected 171 gold pieces.

Inventory:

Hand Weapons
 a - a +0 hand axe of chaos
 b - a +0 battleaxe (weapon)
Missiles
 c - a throwing net (quivered)
Armour
 f - a +2 leather armour (worn)
 h - a +0 chain mail
Scrolls
 d - a scroll of vulnerability
 e - a scroll of enchant armour {unknown}
 i - a scroll of magic mapping
 j - a scroll of teleportation
 l - a scroll of identify
Potions
 g - a potion of brilliance {unknown}
 k - a potion of haste


   Skills:
 + Level 5.3 Fighting
 * Level 6.7 Axes
 - Level 2.4 Armour
 - Level 1.1 Dodging


You had 4 spell levels left.
You didn't know any spells.
Your spell library was empty.

Dungeon Overview and Level Annotations

Branches:
Dungeon (4/15)
 Temple: D:4-7

Altars:


Innate Abilities, Weirdness & Mutations

You have a pair of horns on your head.
You reflexively headbutt those who attack you in melee.


Message History

There are monsters nearby!
The gnoll shaman shouts!
The gnoll shouts!
There are monsters nearby!
The gnoll hits you with a +0 halberd!
You closely miss the gnoll. x2; The gnoll hits you with a +0 whip!
The gnoll hits you with a +0 halberd. The gnoll hits you but does no damage.
You barely miss the gnoll. Your headbutt misses the gnoll.
You closely miss the gnoll. The gnoll misses you.
The gnoll hits you with a +0 whip.
* * * LOW HITPOINT WARNING * * *
The gnoll closely misses you.
You closely miss the gnoll.
You headbutt the gnoll, but do no damage.
You barely miss the gnoll. The gnoll hits you with a +0 whip.
* * * LOW HITPOINT WARNING * * *
The gnoll hits you with a +0 whip.
* * * LOW HITPOINT WARNING * * *
You hit the gnoll shaman but do no damage.
You headbutt the gnoll shaman.
The gnoll shaman is lightly wounded.
You hit the gnoll. The gnoll closely misses you.
The gnoll hits you with a +0 whip!
* * * LOW HITPOINT WARNING * * *
The gnoll closely misses you.
The gnoll shaman hits you with a +0 club.
* * * LOW HITPOINT WARNING * * *
You barely miss the gnoll shaman. Your headbutt misses the gnoll shaman.
The gnoll shaman is lightly wounded.
You slash the gnoll!
You kill the gnoll!
The gnoll barely misses you. The gnoll shaman completely misses you.
You furiously retaliate!
You headbutt the gnoll shaman.
Unknown command.
You barely miss the gnoll shaman. You headbutt the gnoll shaman!
The gnoll shaman is severely wounded.
You closely miss the gnoll. The gnoll hits you with a +0 flail!
* * * LOW HITPOINT WARNING * * *
The gnoll hits you from afar with a +0 halberd!
You die...
Xom titters!

#..## ##...#
##..####....# #..#
##..##.....# #..#
##........# #..#
##........# # #..##
#.........# # #...#
####.........# ##
#...####g...........#
.##
#...#..@gg..........#
..##
#......###......)...#
...# ##..#####
#.........(## ..##
##..## ##..........#
.## ##..##
##........## ##
##.### ###......#
##.## ###....# ##.##
###..## ###.## #.).#


You could see a gnoll shaman and 2 gnolls.

Vanquished Creatures
  Terence (D:2)
  7 gnolls
  5 adders
  An adder skeleton (D:4)
  2 dart slugs
  5 orcs
  6 bats
  7 endoplasms
  3 giant cockroaches
  8 goblins
  6 hobgoblins
  2 jackals (D:2)
  3 quokkas
  5 ball pythons
  2 frilled lizards (D:1)
  6 kobolds
  4 rats
73 creatures vanquished.

Notes
Turn   | Place    | Note
-------+----------+-------------------------------------------
     0 | D:1      | lunkers the Minotaur Chaos Knight began the quest for the
                  | Orb.
     0 | D:1      | Reached XP level 1. HP: 19/19 MP: 0/0
   109 | D:1      | You fall into a shaft and drop 1 floor!
   181 | D:2      | Reached skill level 4 in Axes
   181 | D:2      | Reached XP level 2. HP: 25/27 MP: 1/1
   345 | D:2      | XOM: potion effect (curing)
   426 | D:2      | Noticed Terence
   435 | D:2      | XOM: silly message
   445 | D:2      | Killed Terence
   446 | D:2      | Reached skill level 5 in Axes
   446 | D:2      | Reached XP level 3. HP: 17/33 MP: 2/2
   981 | D:1      | Reached XP level 4. HP: 41/41 MP: 3/3
  1212 | D:1      | XOM: silly message
  1604 | D:2      | XOM: noise
  1773 | D:3      | Found a faded altar of an unknown god.
  1963 | D:3      | XOM: silly message
  2277 | D:3      | Reached skill level 6 in Axes
  2277 | D:3      | Reached XP level 5. HP: 47/47 MP: 4/4
  2358 | D:3      | Reached skill level 5 in Fighting
  2714 | D:4      | XOM: potion effect (brilliance)
  3020 | D:4      | XOM: divination: detect creatures
  3334 | D:4      | Found a glowing drain.
  3821 | D:4      | Slain by a gnoll

Illustrated notes

Levels and vault maps discovered:
D:1:      nzn_arrival_settlement, layout_loops_ring, minmay_misc_feat_plants,
          feat_on_display
D:2:      layout_basic, serial_glass, glass_columns_c, glass_columns_b,
          uniq_terence
D:3:      layout_rooms, shapermc_ecumenical_altar_mp_highgroup, serial_glass,
          glass_columns_a, glass_columns_a, glass_columns_a, glass_columns_b,
          glass_columns_a, glass_columns_a, item_on_display_a, feat_on_display,
          mrwooster_statue_mirror
D:4:      layout_cave_pods, portal_sewer_entry_a

Skill      XL: |  1  2  3  4  5 |
---------------+----------------+-----
Axes           | 4 5 6 |  6.7
Fighting       | 4 5 |  5.3
Armour         | |  2.4
Dodging        | |  1.1

Action                   |  1- 3 |  4- 6 || total
-------------------------+-------+-------++-------
Melee: Hand axe          |    59 |    79 ||   138
       Headbutt          |     7 |    16 ||    23
       Punch             |     1 |       ||     1
       Battleaxe         |       |    18 ||    18
  Use: Scroll            |     2 |     7 ||     9
 Stab: Paralysed         |       |     1 ||     1
Armor: Leather armour    |    18 |    31 ||    49
       Chain mail        |       |     7 ||     7
Dodge: Dodged            |    38 |    71 ||   109

Table legend: (Time is in decaauts)
 A = Elapsed time spent in this place.
 B = Non-inter-level travel time spent in this place.
 C = Inter-level travel time spent in this place.
 D = Time resting spent in this place.
 E = Time spent auto-exploring this place.
 F = Levels seen in this place.
 G = Mean time per level.
                   A        B        C        D        E       F      G
               +--------+--------+--------+--------+--------+-----+--------+
         Total |   3836 |   3680 |    156 |    696 |   2423 |   4 |  959.0 |
       Dungeon |   3836 |   3680 |    156 |    696 |   2423 |   4 |  959.0 |
               +--------+--------+--------+--------+--------+-----+--------+

Top non-repeatable levels by time:
     D:2: 1287 daAuts
     D:3: 1124 daAuts
     D:4: 726 daAuts
     D:1: 697 daAuts
